cohdb
Replays
Latest Replays
All Replays
Popular Replays
Top Player Replays
Match Explorer
How It Works
Community
CoH3 Stats
Reddit
Sign in to upload your games and track your stats! →
Sign in with Steam
Match 43911442
Unlisted
Match 43911442
Overview
Messages
Build Orders
End
Construct Weapon Support Center
Engineer Squad
Selects Heavy Weapons
M1919 Machine Gun Team
Bazooka Squad
Mechanized Support Center
M3 Armored Personnel Carrier
M3 Armored Personnel Carrier
M1919 Machine Gun Team
.30 cal Machine Gun
Selects Assault Carriers
Improvised Armor
Designate Forward Repair Station
Construct Motor Pool
Mortar Pit
M3 75 mm Gun Motor Carriage
M1 Anti-tank Gun Team
Squeegeez
TheMallis
勇于撤退先遣兵
Quejour
AI
苏大大
NO.2
Decoy
0
0
Comments
sign in to comment!
No comments posted yet!